 Dungeon Crawl Stone Soup version 0.29.0-4-gdea44cf6ec (webtiles) character file.

Game seed: 5590524417597988460

9203 qw the Cleaver (level 11, -16/94 HPs)
             Began as a Minotaur Fighter on Sept 6, 2022.
             Was a Believer of Ru.
             Demolished by a skeletal warrior
             ... wielding a +0 long sword
              (26 damage)
             ... on level 11 of the Dungeon.
             The game lasted 00:03:57 (9587 turns).

qw the Cleaver (Minotaur Fighter)                   Turns: 9587, Time: 00:03:58

Health: -16/94     AC: 17    Str: 24    XL:     11   Next: 20%
Magic:  10/10      EV:  5    Int:  5    God:    Ru [**....]
Gold:   76         SH: 13    Dex: 11    Spells: 10/10 levels left

rFire   + . .      SeeInvis +   p - +1 broad axe (vorpal)
rCold   . . .      Faith    .   k - +2 kite shield
rNeg    . . .      Spirit   .   f - +0 plate armour
rPois   .          Reflect  .   s - +1 hat
rElec   .          Harm     .   (no cloak)
rCorr   .          Rampage  .   (no gloves)
Will    .....                   g - +2 pair of boots
Stlth   ..........              o - amulet of regeneration
HPRegen 1.05/turn               m - ring of see invisible
MPRegen 0.12/turn               b - ring of protection from fire

@: no status effects
A: horns 2, inability to train dodging, no earth magic, no hexes magic, no
summoning magic, retaliatory headbutt
a: Renounce Religion


You were on level 11 of the Dungeon.
You worshipped Ru.
Ru was pleased with you.
You visited 2 branches of the dungeon, and saw 12 of its levels.

You collected 713 gold pieces.
You spent 637 gold pieces at shops.


Innate Abilities, Weirdness & Mutations

You have a pair of horns on your head.
You cannot train Dodging skill.
You cannot study or cast Earth magic.
You cannot study or cast Hexes magic.
You cannot study or cast Summoning magic.
You reflexively headbutt those who attack you in melee.


   Skills:
 - Level 8.0 Fighting
 + Level 14.7 Axes
 - Level 5.2 Throwing
 - Level 7.0 Armour
 - Level 10.0 Shields


You had 10 spell levels left.
You didn't know any spells.
Your spell library was empty.

Inventory:

Hand Weapons
 n - a +0 morningstar
 p - a +1 vorpal broad axe (weapon)
Missiles
 t - 3 javelins (quivered)
Armour
 f - a +0 plate armour (worn)
 g - a +2 pair of boots (worn)
 k - a +2 kite shield (worn)
 s - a +1 hat (worn)
Jewellery
 b - a ring of protection from fire (right hand)
 i - a ring of fire
 m - a ring of see invisible (left hand)
 o - an amulet of regeneration (around neck)
Scrolls
 a - a scroll of identify
Potions
 c - 3 potions of curing
 d - 2 potions of might
 e - 3 potions of cancellation
 h - 7 potions of haste

Dungeon Overview and Level Annotations

Branches:
Dungeon (11/15)            Temple (1/1) D:5             Orc (0/2) D:10
   Lair: D:8-11

Altars:
Ashenzari
Cheibriados
Dithmenos
Elyvilon
Fedhas
Gozag
Hepliaklqana
Kikubaaqudgha
Makhleb
Qazlal
Ru
Sif Muna
Trog
Uskayaw
Vehumet
Wu Jian
Xom
Yredelemnul
Zin
The Shining One

Shops:
D:9 *   D:10 [!


Message History

2 skeletal warriors come into view.
You block the skeletal warrior's attack.
You slash the skeletal warrior!
The skeletal warrior is moderately damaged.
You block the skeletal warrior's attack.
You slice the skeletal warrior!!
The skeletal warrior is severely damaged.
You block the skeletal warrior's attack.
The skeletal warrior hits you with a +0 long sword!
You barely miss the skeletal warrior.
You headbutt the skeletal warrior, but do no damage.
The skeletal warrior is severely damaged.
You block the skeletal warrior's attack.
The skeletal warrior hits you from afar with a +0 halberd!
The skeletal warrior closely misses you.
A skeletal warrior comes into view.
It is wielding a +2 halberd of protection.
You barely miss the skeletal warrior.
You headbutt the skeletal warrior, but do no damage.
The skeletal warrior is severely damaged.
You block the skeletal warrior's attack.
The skeletal warrior hits you from afar with a +0 halberd.
You block the skeletal warrior's attack.
The skeletal warrior hits you with a +0 long sword!
You barely miss the skeletal warrior.
The skeletal warrior is severely damaged.
The skeletal warrior hits you from afar with a +0 trident!
You block the skeletal warrior's attack.
The skeletal warrior hits you from afar with a +0 glaive!!
9586 ||| DRINKING potion of heal wounds.
You feel much better.
You block the skeletal warrior's attack.
The skeletal warrior hits you from afar with a +0 halberd!!
The skeletal warrior hits you from afar with a +0 glaive.
The skeletal warrior hits you with a +0 long sword.
You hit the skeletal warrior but do no damage.
The skeletal warrior is severely damaged.
You block the skeletal warrior's attack. x2
The skeletal warrior hits you but does no damage.
The skeletal warrior hits you with a +0 long sword!!
You die...

........#..#....#...
............#..#....#...
............#..#....#...
#....#######..#....#...
#... .......#....#...
#.... .......#....#'##
##....#####....#....#...
.....z.z..#....#....#...
..(z.z.@..#....'....#...
.....z.........#...)#...
............#..#/...###'
#################.......
#....'......)
#....#.......
######....... ###)####
#......


You could see 5 skeletal warriors.

Vanquished Creatures
  Erica (D:11)
  A two-headed ogre (D:9)
  Pikel (D:7)
  Joseph (D:8)
  Maggie (D:8)
  An efreet (D:11)
  3 kobold demonologists (D:10)
  Prince Ribbit (D:8)
  2 trolls (D:9)
  2 hornets
  A vampire (D:9)
  5 yaks (D:11)
  3 wraiths
  Edmund (D:6)
  2 steam dragons (D:8)
  An acid dragon (D:9)
  2 orc warriors
  3 centaurs
  A phantom (D:6)
  8 kobold brigands
  4 bullfrogs
  A gnoll sergeant (D:7)
  3 necrophages
  3 scorpions
  5 wights (D:8)
  2 howler monkeys
  A jelly (D:4)
  A hound (D:4)
  2 gnoll boudas
  6 iguanas
  2 orc priests
  Jessica (D:2)
  8 orc wizards
  5 adders
  11 gnolls
  A shadow imp (D:7)
  An ufetubus (D:4)
  3 dart slugs (D:1)
  30 orcs
  6 ball pythons
  6 bats
  7 endoplasms
  3 giant cockroaches
  4 goblins
  9 hobgoblins
  5 jackals (D:1)
  34 kobolds
  3 quokkas
  3 frilled lizards (D:1)
  A quokka zombie (D:4)
  5 rats
  A rat zombie (D:4)
218 creatures vanquished.

Vanquished Creatures (others)
  A troll (D:10)
1 creature vanquished.

Grand Total: 219 creatures vanquished

Notes
Turn   | Place    | Note
-------+----------+-------------------------------------------
     0 | D:1      | qw the Minotaur Fighter began the quest for the Orb.
     0 | D:1      | Reached XP level 1. HP: 19/19 MP: 0/0
     0 | D:1      | 0 ||| qw: Version: 0.1-a-107-g9ff403c
     0 | D:1      | 0 ||| qw: Game counter: 6077
     0 | D:1      | 0 ||| qw: Always use a shield: true
     0 | D:1      | 0 ||| qw: God list: Ru
     0 | D:1      | 0 ||| qw: Allow faded altars: false
     0 | D:1      | 0 ||| qw: Do Orc after D:15 true
     0 | D:1      | 0 ||| qw: Do second Lair branch before Depths: true
     0 | D:1      | 0 ||| qw: Lair rune preference: random
     0 | D:1      | 0 ||| qw: Plans: Normal
     0 | D:1      | 0 ||| PLANNING D:1-11
    62 | D:1      | 62 ||| Stepping ~*~*~tactically~*~*~ (stealth).
    63 | D:1      | 63 ||| Stepping ~*~*~tactically~*~*~ (stealth).
    68 | D:1      | Reached skill level 3 in Axes
    68 | D:1      | 68 ||| Stepping ~*~*~tactically~*~*~ (stealth).
    96 | D:1      | Reached XP level 2. HP: 26/26 MP: 1/1
   127 | D:1      | 127 ||| Stepping ~*~*~tactically~*~*~ (stealth).
   272 | D:1      | 272 ||| Stepping ~*~*~tactically~*~*~ (stealth).
   277 | D:1      | 277 ||| Stepping ~*~*~tactically~*~*~ (hiding).
   287 | D:1      | Reached skill level 4 in Axes
   539 | D:1      | Reached XP level 3. HP: 24/31 MP: 2/2
   659 | D:1      | 659 ||| Stepping ~*~*~tactically~*~*~ (hiding).
  1018 | D:1      | 1018 ||| UPGRADING to +2 pair of boots.
  1023 | D:1      | 1023 ||| READING 2 scrolls labelled LATHRU UMNEAKET.
  1024 | D:1      | 1024 ||| READING 2 scrolls labelled GAYMEE FOBBOMM.
  1025 | D:1      | 1025 ||| READING scroll labelled DOFAUPHA ITHRE.
  1026 | D:1      | 1026 ||| READING scroll labelled MOKHAR QI ROPT.
  1027 | D:1      | 1027 ||| DROPPING scroll of noise.
  1044 | D:2      | Identified the +1 leather armour of Majestic Awe {rElec rF+
                  | Dex-5 Slay+3}
  1073 | D:2      | Found a faded altar of an unknown god.
  1115 | D:2      | 1115 ||| Stepping ~*~*~tactically~*~*~ (stealth).
  1120 | D:2      | 1120 ||| Stepping ~*~*~tactically~*~*~ (stealth).
  1122 | D:2      | 1122 ||| Stepping ~*~*~tactically~*~*~ (stealth).
  1334 | D:2      | Noticed Jessica
  1340 | D:2      | Killed Jessica
  1341 | D:2      | Reached skill level 5 in Axes
  1341 | D:2      | Reached XP level 4. HP: 39/39 MP: 3/3
  1493 | D:2      | Identified the +4 dagger of Qenileykya {antimagic, rC+}
  1494 | D:2      | 1494 ||| DROPPING +0 club.
  1749 | D:2      | 1749 ||| DROPPING +1 leather armour of Majestic Awe {rElec
                  | rF+ Dex-5 Slay+3}.
  1750 | D:2      | 1750 ||| UPGRADING to +2 kite shield.
  1760 | D:2      | 1760 ||| DROPPING +0 buckler.
  1761 | D:2      | 1761 ||| UPGRADING to +0 chain mail.
  1771 | D:2      | 1771 ||| DROPPING +0 scale mail.
  1772 | D:2      | 1772 ||| UPGRADING to amulet of regeneration.
  1777 | D:2      | 1777 ||| UPGRADING to ring of see invisible.
  1778 | D:2      | 1778 ||| READING scroll labelled ESMUQEUCIU.
  1779 | D:2      | 1779 ||| READING scroll labelled DOECHO ROATSI.
  1782 | D:2      | 1782 ||| READING 2 scrolls of identify.
  1782 | D:2      | 1782 ||| IDENTIFYING fizzy dark potion
  1807 | D:3      | 1807 ||| STAIRDANCE
  1814 | D:3      | 1814 ||| STAIRDANCE
  1829 | D:3      | 1829 ||| STAIRDANCE
  1949 | D:3      | 1949 ||| Stepping ~*~*~tactically~*~*~ (stealth).
  1952 | D:3      | 1952 ||| Stepping ~*~*~tactically~*~*~ (stealth).
  1956 | D:3      | 1956 ||| Stepping ~*~*~tactically~*~*~ (stealth).
  2053 | D:3      | 2053 ||| Stepping ~*~*~tactically~*~*~ (water).
  2114 | D:3      | Reached skill level 1 in Dodging
  2274 | D:3      | 2274 ||| Stepping ~*~*~tactically~*~*~ (hiding).
  2283 | D:3      | Reached XP level 5. HP: 38/45 MP: 4/4
  2289 | D:3      | Reached skill level 6 in Axes
  2550 | D:3      | 2550 ||| READING scroll labelled ITAMEH GEEDAI.
  2551 | D:3      | 2551 ||| DRINKING 4 fuming sapphire potions.
  2590 | D:3      | 2590 ||| DRINKING 2 sapphire potions.
  2695 | D:3      | 2695 ||| DROPPING 3 potions of lignification.
  2696 | D:3      | 2696 ||| DROPPING potion of berserk rage.
  2731 | D:4      | 2731 ||| PLANNING OSSUARY
  2779 | D:4      | Reached XP level 6. HP: 51/51 MP: 5/5
  2843 | D:4      | 2843 ||| Stepping ~*~*~tactically~*~*~ (stealth).
  2844 | D:4      | 2844 ||| Stepping ~*~*~tactically~*~*~ (stealth).
  2986 | D:4      | Reached skill level 7 in Axes
  3237 | D:4      | Reached skill level 8 in Axes
  3237 | D:4      | Reached XP level 7. HP: 59/59 MP: 6/6
  3345 | D:4      | 3345 ||| RIP OSSUARY
  3397 | D:4      | 3397 ||| PLANNING D:1-11
  3580 | D:4      | 3580 ||| READING scroll labelled YGAM CASIMO.
  3581 | D:4      | 3581 ||| DRINKING 2 smoky dark potions.
  3582 | D:4      | 3582 ||| DRINKING 2 amethyst potions.
  3583 | D:4      | 3583 ||| DROPPING potion of degeneration.
  3584 | D:4      | 3584 ||| DROPPING potion of flight.
  3624 | D:5      | Entered Level 5 of the Dungeon
  3655 | D:5      | Found a shimmering blue altar of Sif Muna.
  3720 | D:5      | Found a radiant altar of Vehumet.
  3723 | D:5      | 3723 ||| Stepping ~*~*~tactically~*~*~ (stealth).
  3734 | D:5      | Reached skill level 6 in Shields
  3757 | D:5      | 3757 ||| Stepping ~*~*~tactically~*~*~ (stealth).
  3758 | D:5      | 3758 ||| Stepping ~*~*~tactically~*~*~ (stealth).
  3954 | D:5      | Noticed a hornet
  3961 | D:5      | Paralysed by a hornet for 2 turns
  3964 | D:5      | Killed a hornet
  3965 | D:5      | Reached skill level 9 in Axes
  4253 | D:5      | Found a staircase to the Ecumenical Temple.
  4254 | D:5      | 4254 ||| PLANNING TEMPLE
  4254 | D:5      | 4254 ||| READING scroll labelled COM EFUDARESE.
  4255 | D:5      | 4255 ||| DRINKING 2 blue potions.
  4265 | Temple   | Entered the Ecumenical Temple
  4325 | Temple   | Became a worshipper of Ru the Awakened
  4338 | Temple   | 4338 ||| PLANNING D:1-11
  4493 | D:5      | 4493 ||| READING scroll labelled SEL CO TUW.
  4652 | D:6      | 4652 ||| Stepping ~*~*~tactically~*~*~ (stealth).
  4709 | D:6      | Noticed Edmund
  4719 | D:6      | HP: 13/56 [Edmund/+7 flail of draining (12)]
  4720 | D:6      | 4720 ||| READING 3 scrolls of teleportation.
  4787 | D:6      | Killed Edmund
  4788 | D:6      | Reached XP level 8. HP: 32/63 MP: 7/7
  4788 | D:6      | 4788 ||| FLEEEEING.
  4789 | D:6      | 4789 ||| FLEEEEING.
  4790 | D:6      | 4790 ||| FLEEEEING.
  4791 | D:6      | 4791 ||| FLEEEEING.
  4792 | D:6      | 4792 ||| FLEEEEING.
  4793 | D:6      | 4793 ||| FLEEEEING.
  4794 | D:6      | 4794 ||| FLEEEEING.
  4795 | D:6      | 4795 ||| FLEEEEING.
  4796 | D:6      | 4796 ||| FLEEEEING.
  4797 | D:6      | 4797 ||| FLEEEEING.
  4798 | D:6      | 4798 ||| FLEEEEING.
  4799 | D:6      | 4799 ||| FLEEEEING.
  4800 | D:6      | 4800 ||| FLEEEEING.
  4801 | D:6      | 4801 ||| FLEEEEING.
  4802 | D:6      | 4802 ||| FLEEEEING.
  4803 | D:6      | 4803 ||| FLEEEEING.
  4804 | D:6      | 4804 ||| FLEEEEING.
  4805 | D:6      | 4805 ||| FLEEEEING.
  4806 | D:6      | 4806 ||| FLEEEEING.
  4807 | D:6      | 4807 ||| FLEEEEING.
  4808 | D:6      | 4808 ||| FLEEEEING.
  4809 | D:6      | 4809 ||| FLEEEEING.
  4810 | D:6      | 4810 ||| FLEEEEING.
  4811 | D:6      | 4811 ||| FLEEEEING.
  4812 | D:6      | 4812 ||| FLEEEEING.
  4846 | D:6      | 4846 ||| DROPPING +0 flail.
  4868 | D:6      | 4868 ||| Stepping ~*~*~tactically~*~*~ (stealth).
  4915 | D:6      | Identified the +3 leather armour of Imy Wit {Rampage rElec
                  | rF+ rCorr}
  5102 | D:6      | 5102 ||| UPGRADING to +1 hat.
  5107 | D:6      | 5107 ||| READING 2 scrolls of identify.
  5107 | D:6      | 5107 ||| IDENTIFYING green potion
  5108 | D:6      | 5108 ||| DROPPING potion of invisibility.
  5189 | D:7      | Reached skill level 10 in Axes
  5264 | D:7      | 5264 ||| FLEEEEING.
  5265 | D:7      | 5265 ||| FLEEEEING.
  5266 | D:7      | 5266 ||| FLEEEEING.
  5267 | D:7      | 5267 ||| FLEEEEING.
  5268 | D:7      | 5268 ||| FLEEEEING.
  5269 | D:7      | 5269 ||| FLEEEEING.
  5281 | D:7      | 5281 ||| FLEEEEING.
  5296 | D:7      | Reached skill level 1 in Throwing
  5297 | D:7      | Noticed Pikel
  5298 | D:7      | 5298 ||| Stepping ~*~*~tactically~*~*~ (hiding).
  5311 | D:7      | Killed Pikel
  5313 | D:7      | HP: 12/68 [gnoll/+2 flail of venom[a gnoll sergeant] (7)]
  5314 | D:7      | 5314 ||| READING 2 scrolls of teleportation.
  5316 | D:7      | HP: 2/68 [poisoned by a gnoll]
  5317 | D:7      | 5317 ||| DRINKING 3 potions of curing.
  5317 | D:7      | 5317 ||| (to cure poison)
  5400 | D:7      | 5400 ||| Stepping ~*~*~tactically~*~*~ (stealth).
  5402 | D:7      | 5402 ||| Stepping ~*~*~tactically~*~*~ (stealth).
  5416 | D:7      | 5416 ||| Stepping ~*~*~tactically~*~*~ (stealth).
  5427 | D:7      | 5427 ||| Stepping ~*~*~tactically~*~*~ (stealth).
  5433 | D:7      | Reached XP level 9. HP: 74/74 MP: 8/8
  5443 | D:7      | 5443 ||| Stepping ~*~*~tactically~*~*~ (stealth).
  5502 | D:7      | 5502 ||| INVOKING Sacrifice Nimbleness.
  5502 | D:7      | Gained mutation: You cannot train Dodging skill. [Ru
                  | sacrifice]
  5502 | D:7      | Reached * piety under Ru
  5581 | D:7      | 5581 ||| Stepping ~*~*~tactically~*~*~ (stealth).
  5582 | D:7      | 5582 ||| Stepping ~*~*~tactically~*~*~ (stealth).
  5588 | D:7      | 5588 ||| Stepping ~*~*~tactically~*~*~ (hiding).
  5589 | D:7      | 5589 ||| Stepping ~*~*~tactically~*~*~ (hiding).
  5602 | D:7      | Reached skill level 6 in Fighting
  5639 | D:7      | 5639 ||| UPGRADING to +0 plate armour.
  5649 | D:7      | 5649 ||| DROPPING +0 chain mail.
  5650 | D:7      | 5650 ||| DROPPING +3 leather armour of Imy Wit {Rampage
                  | rElec rF+ rCorr}.
  5672 | D:8      | Noticed Prince Ribbit
  5686 | D:8      | HP: 14/75 [Prince Ribbit (9)]
  5686 | D:8      | HP: 6/75 [wight/+0 trident (7)]
  5687 | D:8      | 5687 ||| READING scroll of teleportation.
  5690 | D:8      | Killed Prince Ribbit
  5690 | D:8      | HP: 2/74 [wight/+0 trident (1)]
  5763 | D:8      | Found an ornate altar of the Wu Jian Council.
  5768 | D:8      | 5768 ||| Stepping ~*~*~tactically~*~*~ (cloud).
  5773 | D:8      | Reached skill level 11 in Axes
  5807 | D:8      | 5807 ||| Stepping ~*~*~tactically~*~*~ (stealth).
  5823 | D:8      | Noticed Joseph
  5824 | D:8      | 5824 ||| Stepping ~*~*~tactically~*~*~ (hiding).
  5825 | D:8      | 5825 ||| Stepping ~*~*~tactically~*~*~ (hiding).
  5826 | D:8      | 5826 ||| Stepping ~*~*~tactically~*~*~ (hiding).
  5844 | D:8      | Killed Joseph
  5901 | D:8      | 5901 ||| SWAPPING to +2 war axe of venom.
  5902 | D:8      | 5902 ||| DROPPING +0 vorpal war axe.
  6088 | D:8      | Noticed Maggie
  6099 | D:8      | Killed Maggie
  6100 | D:8      | Reached skill level 12 in Axes
  6121 | D:8      | 6121 ||| SWAPPING to +1 vorpal broad axe.
  6122 | D:8      | 6122 ||| DROPPING +2 war axe of venom.
  6267 | D:8      | 6267 ||| Stepping ~*~*~tactically~*~*~ (stealth).
  6280 | D:8      | Reached XP level 10. HP: 83/84 MP: 9/9
  6379 | D:8      | 6379 ||| Stepping ~*~*~tactically~*~*~ (stealth).
  6796 | D:8      | 6796 ||| FLEEEEING.
  6797 | D:8      | 6797 ||| FLEEEEING.
  6798 | D:8      | 6798 ||| FLEEEEING.
  6800 | D:8      | 6800 ||| FLEEEEING.
  6801 | D:8      | 6801 ||| FLEEEEING.
  6802 | D:8      | 6802 ||| FLEEEEING.
  6804 | D:8      | 6804 ||| FLEEEEING.
  6805 | D:8      | 6805 ||| FLEEEEING.
  6806 | D:8      | 6806 ||| FLEEEEING.
  6807 | D:8      | 6807 ||| FLEEEEING.
  6808 | D:8      | 6808 ||| FLEEEEING.
  6813 | D:8      | 6813 ||| FLEEEEING.
  6816 | D:8      | 6816 ||| STAIRDANCE
  6833 | D:7      | 6833 ||| UPGRADING to ring of protection from fire.
  6836 | D:8      | 6836 ||| STAIRDANCE
  6845 | D:8      | 6845 ||| STAIRDANCE
  6850 | D:8      | 6850 ||| STAIRDANCE
  7285 | D:9      | 7285 ||| Stepping ~*~*~tactically~*~*~ (hiding).
  7311 | D:9      | Reached skill level 6 in Armour
  7322 | D:9      | Reached skill level 9 in Shields
  7370 | D:9      | 7370 ||| Stepping ~*~*~tactically~*~*~ (stealth).
  7371 | D:9      | 7371 ||| Stepping ~*~*~tactically~*~*~ (stealth).
  7560 | D:9      | Noticed a two-headed ogre
  7567 | D:9      | Killed a two-headed ogre
  7568 | D:9      | Reached skill level 13 in Axes
  7622 | D:9      | Found a hide-covered altar of Uskayaw.
  7701 | D:9      | Found Baciecro's Island Escapes.
  7917 | D:9      | 7917 ||| INVOKING Sacrifice Arcana.
  7917 | D:9      | Gained mutation: You cannot study or cast Earth magic. [Ru
                  | sacrifice]
  7917 | D:9      | Gained mutation: You cannot study or cast Hexes magic. [Ru
                  | sacrifice]
  7917 | D:9      | Gained mutation: You cannot study or cast Summoning magic.
                  | [Ru sacrifice]
  7917 | D:9      | Reached ** piety under Ru
  8142 | D:9      | 8142 ||| DRINKING 2 red potions.
  8143 | D:9      | 8143 ||| DROPPING potion of attraction.
  8170 | D:10     | Entered Level 10 of the Dungeon
  8171 | D:10     | 8171 ||| STAIRDANCE
  8191 | D:10     | 8191 ||| STAIRDANCE
  8208 | D:10     | Found Gomomut's Distillery.
  8221 | D:10     | 8221 ||| BUYING 2 potions of cancellation (208 gold).
  8221 | D:10     | Bought 2 potions of cancellation for 208 gold pieces
  8221 | D:10     | 8221 ||| BUYING 3 potions of haste (390 gold).
  8221 | D:10     | Bought 3 potions of haste for 390 gold pieces
  8221 | D:10     | 8221 ||| SHOPLISTING potion of cancellation (104 gold, have
                  | 57).
  8221 | D:10     | 8221 ||| BUYING potion of curing (39 gold).
  8221 | D:10     | Bought a potion of curing for 39 gold pieces
  8221 | D:10     | 8221 ||| SHOPLISTING potion of curing (39 gold, have 18).
  8221 | D:10     | 8221 ||| SHOPLISTING potion of haste (130 gold, have 18).
  8221 | D:10     | 8221 ||| SHOPLISTING potion of heal wounds (65 gold, have
                  | 18).
  8221 | D:10     | 8221 ||| SHOPLISTING potion of might (52 gold, have 18).
  8241 | D:10     | Found a stormy altar of Qazlal.
  8399 | D:10     | Identified the +1 helmet of Limitation {rN+ Dex+2}
  8438 | D:10     | 8438 ||| Stepping ~*~*~tactically~*~*~ (stealth).
  8440 | D:10     | 8440 ||| Stepping ~*~*~tactically~*~*~ (hiding).
  8441 | D:10     | 8441 ||| Stepping ~*~*~tactically~*~*~ (stealth).
  8525 | D:10     | Found Kisadoh's Antique Armour Boutique.
  8530 | D:10     | 8530 ||| Stepping ~*~*~tactically~*~*~ (stealth).
  8531 | D:10     | 8531 ||| Stepping ~*~*~tactically~*~*~ (stealth).
  8532 | D:10     | 8532 ||| Stepping ~*~*~tactically~*~*~ (stealth).
  8533 | D:10     | 8533 ||| Stepping ~*~*~tactically~*~*~ (stealth).
  8535 | D:10     | 8535 ||| Stepping ~*~*~tactically~*~*~ (hiding).
  8536 | D:10     | 8536 ||| Stepping ~*~*~tactically~*~*~ (hiding).
  8537 | D:10     | 8537 ||| Stepping ~*~*~tactically~*~*~ (hiding).
  8647 | D:10     | 8647 ||| SHOPLISTING shiny chain mail (202 gold, have 67).
  8660 | D:10     | Found a staircase to the Orcish Mines.
  8774 | D:10     | 8774 ||| DROPPING +7 flail of draining.
  8917 | D:10     | Found a glowing silver altar of Zin.
  9014 | D:10     | Found a glowing golden altar of the Shining One.
  9068 | D:10     | 9068 ||| Stepping ~*~*~tactically~*~*~ (stealth).
  9075 | D:10     | Reached skill level 14 in Axes
  9075 | D:10     | 9075 ||| Stepping ~*~*~tactically~*~*~ (stealth).
  9139 | D:10     | 9139 ||| Stepping ~*~*~tactically~*~*~ (hiding).
  9318 | D:10     | 9318 ||| READING 3 scrolls of identify.
  9318 | D:10     | 9318 ||| IDENTIFYING bubbling yellow potion
  9319 | D:10     | 9319 ||| READING 2 scrolls of identify.
  9319 | D:10     | 9319 ||| IDENTIFYING brown potion
  9320 | D:10     | 9320 ||| DROPPING potion of brilliance.
  9385 | D:11     | Reached XP level 11. HP: 94/94 MP: 10/10
  9447 | D:11     | Found a shimmering altar of Xom.
  9448 | D:11     | Found a shimmering altar of Xom.
  9452 | D:11     | Found a shimmering altar of Xom.
  9496 | D:11     | Noticed Erica
  9498 | D:11     | 9498 ||| DRINKING 4 potions of curing.
  9498 | D:11     | 9498 ||| (to cure confusion)
  9506 | D:11     | Killed Erica
  9576 | D:11     | Noticed a skeletal warrior
  9578 | D:11     | Noticed a skeletal warrior
  9579 | D:11     | Noticed a skeletal warrior
  9579 | D:11     | Noticed a skeletal warrior
  9583 | D:11     | Noticed a skeletal warrior
  9585 | D:11     | HP: 18/94 [skeletal warrior/+0 glaive (26)]
  9586 | D:11     | 9586 ||| DRINKING potion of heal wounds.
  9587 | D:11     | Demolished by a skeletal warrior

Levels and vault maps discovered:
D:1:      minmay_arrival_solitary_statue, layout_loops_ring,
          serial_park_tiny_pond
D:2:      minmay_skewed_foursquare, layout_rooms,
          shapermc_ecumenical_altar_notcrosses, uniq_jessica,
          uniq_crazy_yiuf_cottage
D:3:      wander_river, layout_basic, chequers_avenue, kennysheep_generic_room_3
D:4:      layout_layer_cave, enter_ossuary_4
D:5:      layout_basic, mainiacjoe_overflow_boulevard, led_sif_pool,
          minmay_temple_entry_poolview
D:6:      layout_basic, uniq_edmund
D:7:      layout_basic, minmay_fountain_box, uniq_pikel
D:8:      layout_basic, mainiacjoe_overflow_cross_hatched, uniq_joseph,
          uniq_maggie, uniq_prince_ribbit1
D:9:      layout_basic, nicolae_uskayaw_suspiria, nicolae_island_escapes
D:10:     nicolae_cairo_tiling_large_dashed, layout_cave_pods,
          nicolae_qazlal_eye_of_the_storm, mainiacjoe_overflow_alcove_2,
          kennysheep_mini, serial_shops, nicolae_shop_advertising_works
          [nicolae_subvault_shop_adworks], shop
D:11:     layout_gridville, due_lair_maze_entry_diamond, xom_redecorated,
          uniq_erica, uniq_amaemon
Temple:   regret_index_temple_waves

Skill      XL: |  1  2  3  4  5  6  7  8  9 10 11 |
---------------+----------------------------------+-----
Axes           | 3 4 5 6 8 9 10 12 14 | 14.7
Shields        | 4 5 7 8 9 10 | 10.0
Dodging        | 1 2 0 |  0.0
Fighting       | 4 5 6 8 |  8.0
Throwing       | 5 |  5.2
Armour         | 5 7 |  7.0

Action                   |  1- 3 |  4- 6 |  7- 9 | 10-12 || total
-------------------------+-------+-------+-------+-------++-------
Melee: War axe           |    90 |   124 |   199 |       ||   413
       Headbutt          |    13 |    17 |    38 |    33 ||   101
       Broad axe         |       |       |     7 |   158 ||   165
Throw: Javelin           |       |       |    10 |    36 ||    46
Invok: Sacrifice Nimblen |       |       |     1 |       ||     1
       Sacrifice Arcana  |       |       |       |     1 ||     1
  Use: Scroll            |     4 |     4 |     7 |     2 ||    17
       Potion            |       |     2 |     4 |     3 ||     9
Armor: Scale mail        |    26 |     4 |       |       ||    30
       Chain mail        |       |    47 |    50 |       ||    97
       Plate armour      |       |       |    24 |    42 ||    66
Dodge: Dodged            |    32 |    30 |    52 |    31 ||   145
Block: Buckler           |    21 |     3 |       |       ||    24
       Kite shield       |       |    47 |   121 |    99 ||   267

Table legend:
 A = Non-vault XP
 B = Vault XP
 C = Vault XP percentage of total XP
 D = Non-vault monster count
 E = Vault monster count
 F = Vault count percentage of total count
                 A         B        C        D         E       F
            +---------+---------+-------+---------+---------+-------
      Total |   10160 |    2988 |  22.7 |     205 |      14 |   6.4
            +---------+---------+-------+---------+---------+-------
        D:1 |      51 |       0 |   0.0 |      27 |       0 |   0.0
        D:2 |      23 |      41 |  64.1 |      12 |       4 |  25.0
        D:3 |     161 |      82 |  33.7 |      25 |       2 |   7.4
        D:4 |     405 |       2 |   0.5 |      16 |       2 |  11.1
        D:5 |     477 |       0 |   0.0 |      13 |       0 |   0.0
        D:6 |     334 |     173 |  34.1 |      18 |       1 |   5.3
        D:7 |     826 |     663 |  44.5 |      15 |       1 |   6.2
        D:8 |    1396 |    1191 |  46.0 |      24 |       3 |  11.1
        D:9 |    2883 |       0 |   0.0 |      31 |       0 |   0.0
       D:10 |    2212 |       0 |   0.0 |      18 |       0 |   0.0
       D:11 |    1392 |     836 |  37.5 |       6 |       1 |  14.3
            +---------+---------+-------+---------+---------+-------
